Map: Bridgehead LE (Void)

Players

Nerchio - Winner!

  • Race: Zerg Zerg
  • League: Diamond

Beastyqt

  • Race: Terran Terran
  • League: Master

Event: Lycan League Weekly August #1

VOD

Have the link to the VOD?

Description

Time

  • Played on: Aug. 3, 2015, 2:58 p.m.
  • Length: 7:15

All games in this series

Show
View Real Time Build Order
Export as new Build Order

Nerchio Zerg - Winner!

Build Orders: Hatch First 

Get SALT Encoding   

  12  0:00  Drone  
  13  0:13  Overlord  
  13  0:18  Drone  
  14  0:31  Drone x2  
  14  0:35  Drone  
  17  0:53  Hatchery  
  17  0:55  Drone  
  17  0:59  Drone  
  17  1:00  Extractor  
  17  1:15  Spawning Pool  
  16  1:20  Drone x2  
  18  1:28  Drone  
  19  1:39  Overlord  
  19  1:50  Drone  
  20  2:02  Metabolic Boost, Queen  
  20  2:03  Zergling x2  
  20  2:05  Queen  
  20  2:08  Zergling x2  
  26  2:11  Drone  
  27  2:18  Drone  
  27  2:22  Zergling x2  
  29  2:35  Drone x2  
  30  2:37  Queen  
  30  2:43  Drone x2  
  34  2:49  Overlord  
  34  2:55  Drone  
  35  3:00  Drone  
  36  3:09  Zergling x6  
  36  3:10  Zergling x2  
  40  3:16  Overlord  
  40  3:17  Drone x2  
  40  3:18  Hatchery  
  40  3:19  Drone  
  42  3:23  Drone x2  
  43  3:36  Drone x3  
  43  3:40  Drone x2  
  43  3:41  Evolution Chamber  
  47  3:47  Drone  
  48  3:49  Overlord, Drone x3  
  48  3:52  Drone, Extractor  
  51  3:58  Extractor  
  51  3:59  Overlord  
  50  4:03  Overlord  
  50  4:08  Drone x2  
  50  4:09  Drone x2  
  54  4:15  Roach Warren  
  54  4:16  Zerg Melee Weapons Level 1  
  53  4:17  Drone x2  
  53  4:19  Drone x2  
  53  4:21  Drone  
  53  4:22  Drone  
  59  4:26  Drone x2  
  59  4:28  Drone  
  62  4:34  Lair  
  62  4:37  Drone x2  
  62  4:38  Drone  
  65  4:41  Drone  
  65  4:42  Extractor  
  65  4:44  Pneumatized Carapace  
  65  4:46  Drone  
  65  4:48  Drone  
  67  4:56  Overlord  
  67  4:57  Drone x4  
  67  4:58  Drone  
  67  4:59  Drone  
  73  5:00  Drone  
  73  5:02  Drone  
  73  5:03  Drone  
  73  5:06  Overlord  
  74  5:11  Overlord x2  
  74  5:14  Extractor  
  74  5:16  Extractor  
  74  5:20  Overlord  
  72  5:26  Roach x4  
  80  5:32  Queen  
  82  5:36  Roach x3  
  82  5:37  Glial Reconstitution  
  82  5:41  Nydus Network  
  87  5:44  Roach x2  
  87  5:45  Roach x2  
  93  5:50  Overlord  
  93  5:53  Overlord  
  93  5:54  Queen  
  95  6:06  Roach  
  95  6:07  Roach x2  
  95  6:08  Overlord  
  101  6:21  Nydus Canal  
  101  6:25  Roach x11  
  120  6:28  Roach  
  120  6:29  Roach  
  120  6:31  Roach  
  126  6:34  Roach  
  126  6:35  Roach  
  126  6:38  Roach  
  130  6:45  Overseer  
  130  6:46  Roach  
  130  6:49  Overlord x2  
  126  6:54  Overlord  
  126  6:56  Overlord  
Show
View Real Time Build Order
Export as new Build Order

Beastyqt Terran 

Build Orders: Reaper Expand, Siege Tank Drop 

Get SALT Encoding   

  12  0:00  SCV  
  13  0:13  SCV  
  14  0:18  Supply Depot  
  14  0:25  SCV  
  15  0:40  SCV, Barracks  
  16  0:48  Refinery  
  16  0:53  SCV  
  17  1:05  SCV  
  18  1:17  SCV  
  19  1:30  Orbital Command  
  19  1:31  Reaper  
  20  1:46  Command Center  
  20  1:56  SCV  
  21  2:05  Supply Depot  
  21  2:09  SCV  
  21  2:14  Factory  
  22  2:21  SCV  
  23  2:25  Barracks Reactor  
  23  2:33  SCV  
  24  2:40  Refinery  
  24  2:45  SCV  
  25  2:55  Command Center  
  25  2:59  SCV, Orbital Command  
  26  3:11  SCV  
  27  3:14  Starport  
  27  3:23  SCV  
  27  3:24  Hellion x2  
  32  3:30  SCV  
  32  3:33  Barracks Tech Lab  
  32  3:36  SCV  
  33  3:42  SCV  
  33  3:46  Hellion x2  
  33  3:48  SCV  
  39  3:52  Medivac  
  39  3:54  SCV, Supply Depot  
  42  3:58  Marine  
  42  4:00  SCV  
  44  4:06  SCV  
  44  4:07  Orbital Command  
  45  4:12  SCV  
  46  4:19  SCV  
  46  4:22  Viking  
  49  4:26  Siege Tank  
  49  4:28  SCV  
  53  4:34  SCV  
  53  4:36  SCV  
  53  4:37  Barracks, Marine x2  
  57  4:38  Barracks  
  57  4:40  SCV  
  58  4:46  Refinery, Engineering Bay x2  
  58  4:48  SCV, Refinery  
  58  4:49  SCV  
  60  4:54  Marine  
  60  4:55  Starport Reactor  
  60  4:56  SCV  
  62  5:01  SCV  
  62  5:04  SCV  
  64  5:09  SCV  
  64  5:13  SCV  
  66  5:14  Terran Infantry Weapons Level 1, Terran Infantry Armor Level 1, Factory Reactor  
  66  5:18  Orbital Command  
  66  5:21  SCV  
  68  5:22  Barracks  
  68  5:23  Barracks  
  68  5:24  Marine x2  
  69  5:30  Barracks Tech Lab  
  69  5:34  Supply Depot  
  69  5:35  Supply Depot  
  69  5:36  Supply Depot  
  69  5:38  SCV  
  69  5:42  Medivac x2  
  74  5:43  Marine x2  
  74  5:46  SCV, Supply Depot  
  74  5:47  SCV  
  75  5:54  SCV  
  75  5:56  Marine x2  
  78  5:58  SCV  
  78  6:02  Widow Mine x2  
  82  6:04  Armory  
  82  6:06  SCV  
  82  6:10  Missile Turret  
  83  6:13  Barracks Reactor  
  83  6:14  Barracks Reactor  
  83  6:15  SCV  
  83  6:17  SCV  
  85  6:23  Marine x2  
  85  6:25  Marauder  
  89  6:30  Orbital Command  
  87  6:33  SCV  
  87  6:39  Marauder  
  88  6:41  Marine  
  88  6:42  SCV  
  89  6:47  SCV  
  89  6:51  Marauder, Marine x3  
  89  6:52  Marine x2  

Tags
 
Add a new tag
Caveats
  • Supply blocks, unpowered buildings, or Contaminate may cause inaccurate times.
  • Supply counts are checked every 10 seconds.